 Dungeon Crawl Stone Soup version 0.29.0-4-gdea44cf6ec (webtiles) character file.

Game seed: 3696756948823647986

1909 qw the Cleaver (level 9, -1/54 HPs)
             Began as a Tengu Warper on Aug 28, 2022.
             Slain by a vampire mosquito (8 damage)
             ... on level 6 of the Dungeon.
             The game lasted 00:00:44 (6244 turns).

qw the Cleaver (Tengu Warper)                       Turns: 6244, Time: 00:00:45

Health: -1/54      AC: 20    Str: 15    XL:     9   Next: 16%
Magic:  13/13      EV:  6    Int: 13    God:
Gold:   267        SH:  0    Dex: 15    Spells: 12/12 levels left

rFire   + . .      SeeInvis .   Y - +1 hand axe (protect)
rCold   . . .      Faith    .   (no shield)
rNeg    . . .      Spirit   .   a - +0 plate armour
rPois   +          Reflect  .   (helmet restricted)
rElec   .          Harm     .   h - +0 cloak
rCorr   .          Rampage  .   (no gloves)
Will    .....                   (boots unavailable)
Stlth   ..........              (no amulet)
HPRegen 0.18/turn               g - ring of poison resistance
MPRegen 0.13/turn               m - ring of protection from fire

@: under a protective aura, flying quickly and evasively, quick
A: beak, talons 3, nimble flight
a: no special abilities


You were on level 6 of the Dungeon.
You visited 2 branches of the dungeon, and saw 7 of its levels.

You collected 267 gold pieces.


Innate Abilities, Weirdness & Mutations

You have a beak for a mouth.
You have claws for feet.
Your magical nature lets you fly swiftly and evasively.


   Skills:
 - Level 5.5 Fighting
 + Level 10.4 Axes
 - Level 1.0 Throwing
 - Level 5.0 Armour
 - Level 2.1 Dodging
 - Level 2.0 Spellcasting
 - Level 2.4 Translocations


You had 12 spell levels left.
You didn't know any spells.
Your spell library contained the following spells:

 Spells                   Type           Power      Damage    Failure   Level
 Blink                    Tloc           14%        N/A       100%        2
 Gell's Gravitas          Tloc           7%         N/A       100%        3
 Lesser Beckoning         Tloc           7%         N/A       100%        3
 Teleport Other           Tloc           7%         N/A       100%        3
 Manifold Assault         Tloc           7%         N/A       100%        5

Inventory:

Hand Weapons
 o - a +0 morningstar
 Y - a +1 hand axe of protection (weapon)
Missiles
 b - 3 boomerangs (quivered)
Armour
 a - a +0 plate armour (worn)
 h - a +0 cloak (worn)
 j - a +1 pair of gloves
Jewellery
 g - a ring of poison resistance (left hand)
 m - a ring of protection from fire (right hand)
Potions
 c - a potion of cancellation {unknown}
 d - a potion of attraction {unknown}
 e - a potion of brilliance {unknown}
 f - a potion of lignification {unknown}
 i - a potion of haste {unknown}
 k - 2 potions of curing
 l - a potion of might {unknown}

Dungeon Overview and Level Annotations

Branches:
Dungeon (6/15)             Temple (1/1) D:4

Altars:
Ashenzari
Cheibriados
Dithmenos
Elyvilon
Fedhas
Gozag
Hepliaklqana
Kikubaaqudgha
Makhleb
Nemelex Xobeh
Qazlal
Ru
Sif Muna
Trog
Uskayaw
Vehumet
Wu Jian
Yredelemnul
Zin
The Shining One

Shops:
D:2 ==   D:3 [   D:5 :

Annotations:
D:5 2 transporters, qw's ghost, amateur TeWr


Message History

The vampire mosquito barely misses you.
The vampire mosquito bites you but does no damage.
You miss the vampire mosquito.
The vampire mosquito is heavily damaged.
You hit the vampire mosquito. The vampire mosquito bites you.
The vampire mosquito draws strength from your injuries!
The vampire mosquito barely misses you.
The vampire mosquito bites you but does no damage.
You hit the vampire mosquito but do no damage.
You peck the vampire mosquito, but do no damage.
The vampire mosquito is heavily damaged.
You hit the vampire mosquito.
The vampire mosquito bites you but does no damage. x3
You hit the vampire mosquito but do no damage.
Your kick misses the vampire mosquito.
You peck the vampire mosquito, but do no damage.
The vampire mosquito is heavily damaged.
You hit the vampire mosquito but do no damage.
The vampire mosquito bites you but does no damage. x3
You hit the vampire mosquito. Your kick misses the vampire mosquito.
Your peck misses the vampire mosquito.
The vampire mosquito is heavily damaged.
You hit the vampire mosquito.
The vampire mosquito bites you but does no damage.
The vampire mosquito completely misses you.
The vampire mosquito bites you but does no damage.
You hit the vampire mosquito.
You destroy the vampire mosquito!
You closely miss the vampire mosquito.
The vampire mosquito bites you but does no damage. x2
You closely miss the vampire mosquito.
The vampire mosquito is heavily damaged.
The vampire mosquito bites you.
The vampire mosquito draws strength from your injuries!
You hit the vampire mosquito. Your kick misses the vampire mosquito.
You peck the vampire mosquito.
The vampire mosquito is severely damaged.
The vampire mosquito bites you!
You die...

# #. # #..
#####.##.
#...####@....(..
#....).y%....###
#..#####.#######
# ##....?.....#
...........##.#
.###.##.##.##.#
#[ #.##.##.# # #
#.##.##.#.#
#.#...#.#.#####


You could see a vampire mosquito.

Vanquished Creatures
  Eustachio (D:4)
  3 vampire mosquitoes (D:6)
  Menkaure (D:6)
  2 water moccasins (D:5)
  A black bear (D:5)
  An ogre (D:5)
  A centaur (D:6)
  A phantom (D:6)
  A bullfrog (D:6)
  A necrophage (D:6)
  4 scorpions
  2 jellies
  2 orc priests
  A hound (D:3)
  3 iguanas
  7 adders
  A shadow imp (D:5)
  2 worms (D:2)
  14 orcs
  2 bats
  6 endoplasms
  2 giant cockroaches (D:3)
  6 goblins
  6 hobgoblins
  12 jackals
  4 quokkas
  7 ball pythons
  3 frilled lizards
  9 kobolds
  7 rats
113 creatures vanquished.

Vanquished Creatures (others)
  20 plants
20 creatures vanquished.

Grand Total: 133 creatures vanquished

Notes
Turn   | Place    | Note
-------+----------+-------------------------------------------
     0 | D:1      | qw the Tengu Warper began the quest for the Orb.
     0 | D:1      | Reached XP level 1. HP: 12/12 MP: 4/4
     0 | D:1      | 0 ||| qw: Version: 0.1-a-89-g26bdef1
     0 | D:1      | 0 ||| qw: Game counter: 785
     0 | D:1      | 0 ||| qw: Always use a shield: true
     0 | D:1      | 0 ||| qw: God list: Okawaru
     0 | D:1      | 0 ||| qw: Allow faded altars: false
     0 | D:1      | 0 ||| qw: Do Orc after D:15 true
     0 | D:1      | 0 ||| qw: Do second Lair branch before Depths: true
     0 | D:1      | 0 ||| qw: Lair rune preference: random
     0 | D:1      | 0 ||| qw: Plans: Normal
     0 | D:1      | 0 ||| PLANNING D:1-11
    11 | D:1      | Found a faded altar of an unknown god.
   271 | D:1      | Reached XP level 2. HP: 14/17 MP: 6/6
   343 | D:1      | Reached skill level 3 in Axes
   356 | D:1      | 356 ||| Stepping ~*~*~tactically~*~*~ (stealth).
   431 | D:1      | 431 ||| Stepping ~*~*~tactically~*~*~ (stealth).
   938 | D:1      | 938 ||| UPGRADING to ring of poison resistance.
   939 | D:1      | 939 ||| READING scroll labelled XEASOU PISMA.
   940 | D:1      | 940 ||| READING scroll labelled GUNYRU IDAIN.
   941 | D:1      | 941 ||| READING scroll labelled JEDIZ DEIL TEN.
   942 | D:1      | 942 ||| READING 2 scrolls labelled SIRYEGGIMM.
   943 | D:1      | 943 ||| DROPPING scroll of blinking.
   944 | D:1      | 944 ||| DROPPING scroll of fog.
  1055 | D:2      | Reached XP level 3. HP: 20/21 MP: 7/7
  1076 | D:2      | Found Soex's Jewellery Boutique.
  1084 | D:2      | 1084 ||| SHOPLISTING +4 ring of protection (504 gold, have
                  | 60).
  1084 | D:2      | 1084 ||| SHOPLISTING +6 ring of strength (504 gold, have
                  | 60).
  1084 | D:2      | 1084 ||| SHOPLISTING amulet "Ymuufuch" {RegenMP rC+} (616
                  | gold, have 60).
  1084 | D:2      | 1084 ||| SHOPLISTING amulet of guardian spirit (420 gold,
                  | have 60).
  1084 | D:2      | 1084 ||| SHOPLISTING ring "Ajamok" {rElec rF+ rC+ rCorr
                  | Int-5} (525 gold, have 60).
  1084 | D:2      | 1084 ||| SHOPLISTING ring of poison resistance (280 gold,
                  | have 60).
  1084 | D:2      | 1084 ||| SHOPLISTING ring of resist corrosion (280 gold,
                  | have 60).
  1103 | D:2      | Reached skill level 4 in Axes
  1224 | D:2      | 1224 ||| Stepping ~*~*~tactically~*~*~ (stealth).
  1225 | D:2      | 1225 ||| Stepping ~*~*~tactically~*~*~ (stealth).
  1318 | D:2      | 1318 ||| Stepping ~*~*~tactically~*~*~ (stealth).
  1319 | D:2      | 1319 ||| Stepping ~*~*~tactically~*~*~ (stealth).
  1322 | D:2      | 1322 ||| Stepping ~*~*~tactically~*~*~ (stealth).
  1543 | D:2      | Identified the +0 robe of Koifuwn {Rampage Dex+2}
  1548 | D:2      | Found Zaennar's Jewellery Shoppe.
  1556 | D:2      | 1556 ||| SHOPLISTING +6 ring of dexterity (360 gold, have
                  | 69).
  1556 | D:2      | 1556 ||| SHOPLISTING amulet of regeneration (300 gold, have
                  | 69).
  1556 | D:2      | 1556 ||| SHOPLISTING ring "Loisibaf" {rPois rC+ Will+} (396
                  | gold, have 69).
  1556 | D:2      | 1556 ||| SHOPLISTING ring "Onosch" {rF+ rN+ Slay+4} (508
                  | gold, have 69).
  1556 | D:2      | 1556 ||| SHOPLISTING ring of poison resistance (200 gold,
                  | have 69).
  1556 | D:2      | 1556 ||| SHOPLISTING ring of protection from fire (250
                  | gold, have 69).
  1601 | D:2      | Found a bloodstained altar of Trog.
  1841 | D:2      | Reached XP level 4. HP: 26/26 MP: 8/8
  2021 | D:2      | 2021 ||| UPGRADING to +0 cloak.
  2026 | D:2      | 2026 ||| DROPPING +0 robe of Koifuwn {Rampage Dex+2}.
  2027 | D:2      | 2027 ||| UPGRADING to ring of protection from fire.
  2028 | D:2      | 2028 ||| READING scroll labelled DOEXTU DETSEURGH.
  2029 | D:2      | 2029 ||| READING scroll labelled QAICHE DYTWA.
  2030 | D:2      | 2030 ||| READING scroll labelled LAGIW ZU ROWAY.
  2031 | D:2      | 2031 ||| READING scroll labelled QOTHICSUE.
  2173 | D:3      | Found a snail-covered altar of Cheibriados.
  2173 | D:3      | Found a bloodstained altar of Trog.
  2181 | D:3      | Found a radiant altar of Vehumet.
  2183 | D:3      | Found a broken altar of Ashenzari.
  2185 | D:3      | Found an ancient bone altar of Kikubaaqudgha.
  2338 | D:3      | 2338 ||| Stepping ~*~*~tactically~*~*~ (stealth).
  2340 | D:3      | 2340 ||| Stepping ~*~*~tactically~*~*~ (stealth).
  2477 | D:3      | 2477 ||| Stepping ~*~*~tactically~*~*~ (stealth).
  2510 | D:3      | 2510 ||| Stepping ~*~*~tactically~*~*~ (stealth).
  2512 | D:3      | 2512 ||| Stepping ~*~*~tactically~*~*~ (stealth).
  2522 | D:3      | Reached skill level 5 in Axes
  2525 | D:3      | 2525 ||| Stepping ~*~*~tactically~*~*~ (stealth).
  2650 | D:3      | Noticed a scorpion
  2666 | D:3      | Killed a scorpion
  2667 | D:3      | Gained mutation: Your magical nature lets you fly swiftly
                  | and evasively. [Tengu growth]
  2667 | D:3      | Reached XP level 5. HP: 14/30 MP: 9/9
  2801 | D:3      | 2801 ||| FLEEEEING.
  2805 | D:3      | 2805 ||| Stepping ~*~*~tactically~*~*~ (stealth).
  2806 | D:3      | 2806 ||| Stepping ~*~*~tactically~*~*~ (stealth).
  2913 | D:3      | Reached skill level 6 in Axes
  3169 | D:3      | Found Taluh's Antique Armour Shop.
  3172 | D:3      | 3172 ||| SHOPLISTING +4 moon troll leather armour {Spirit,
                  | Regen++ MP+5} (1362 gold, have 113).
  3172 | D:3      | 3172 ||| SHOPLISTING glowing ring mail (175 gold, have
                  | 113).
  3172 | D:3      | 3172 ||| SHOPLISTING pair of embroidered gloves (187 gold,
                  | have 113).
  3250 | D:3      | Reached XP level 6. HP: 35/35 MP: 10/10
  3303 | D:3      | 3303 ||| DROPPING +0 mace.
  3346 | D:3      | 3346 ||| UPGRADING to +0 ring mail of poison resistance.
  3356 | D:3      | 3356 ||| REMOVING ring of poison resistance.
  3357 | D:3      | 3357 ||| DROPPING +0 leather armour.
  3358 | D:3      | 3358 ||| DROPPING amulet of magic regeneration.
  3359 | D:3      | 3359 ||| READING scroll labelled UTUC FEGAUNOWI.
  3360 | D:3      | 3360 ||| READING scroll labelled VOLEUN QUXKIESOEL.
  3361 | D:3      | 3361 ||| DRINKING 2 cyan potions.
  3410 | D:4      | 3410 ||| STAIRDANCE
  3420 | D:4      | 3420 ||| STAIRDANCE
  3428 | D:3      | Reached skill level 7 in Axes
  3570 | D:4      | 3570 ||| STAIRDANCE
  3784 | D:4      | Found a staircase to the Ecumenical Temple.
  3786 | D:4      | 3786 ||| PLANNING TEMPLE
  3786 | D:4      | 3786 ||| UPGRADING to +0 chain mail.
  3796 | D:4      | 3796 ||| DROPPING +0 ring mail of poison resistance.
  3797 | D:4      | 3797 ||| UPGRADING to ring of poison resistance.
  3798 | D:4      | 3798 ||| READING 2 scrolls labelled LEILOT WOGA.
  3799 | D:4      | 3799 ||| DRINKING 2 green potions.
  3800 | D:4      | 3800 ||| DROPPING scroll of vulnerability.
  3801 | D:4      | 3801 ||| DROPPING potion of invisibility.
  3802 | D:4      | 3802 ||| Stepping ~*~*~tactically~*~*~ (stealth).
  3804 | D:4      | 3804 ||| Stepping ~*~*~tactically~*~*~ (stealth).
  3806 | D:4      | 3806 ||| Stepping ~*~*~tactically~*~*~ (stealth).
  3809 | D:4      | 3809 ||| Stepping ~*~*~tactically~*~*~ (stealth).
  3810 | D:4      | 3810 ||| Stepping ~*~*~tactically~*~*~ (stealth).
  3812 | D:4      | 3812 ||| Stepping ~*~*~tactically~*~*~ (stealth).
  3831 | Temple   | Entered the Ecumenical Temple
  3980 | Temple   | 3980 ||| PLANNING D:1-11
  4048 | D:4      | Noticed Eustachio
  4069 | D:4      | Killed Eustachio
  4070 | D:4      | Reached XP level 7. HP: 29/43 MP: 11/11
  4223 | D:4      | 4223 ||| DROPPING +3 whip of flaming.
  4308 | D:4      | 4308 ||| DROPPING +0 flail.
  4388 | D:4      | 4388 ||| UPGRADING to +0 plate armour.
  4398 | D:4      | 4398 ||| DROPPING +0 chain mail.
  4399 | D:4      | 4399 ||| DROPPING orb of energy.
  4417 | D:5      | Entered Level 5 of the Dungeon
  4460 | D:5      | Reached skill level 3 in Armour
  4618 | D:5      | 4618 ||| Stepping ~*~*~tactically~*~*~ (stealth).
  4628 | D:5      | 4628 ||| Stepping ~*~*~tactically~*~*~ (stealth).
  4632 | D:5      | 4632 ||| FLEEEEING.
  4633 | D:5      | 4633 ||| FLEEEEING.
  4634 | D:5      | 4634 ||| FLEEEEING.
  4635 | D:5      | 4635 ||| FLEEEEING.
  4636 | D:5      | 4636 ||| FLEEEEING.
  4637 | D:5      | 4637 ||| FLEEEEING.
  4638 | D:5      | 4638 ||| FLEEEEING.
  4639 | D:5      | 4639 ||| FLEEEEING.
  4640 | D:5      | 4640 ||| FLEEEEING.
  4641 | D:5      | 4641 ||| FLEEEEING.
  4642 | D:5      | 4642 ||| FLEEEEING.
  4643 | D:5      | 4643 ||| FLEEEEING.
  4644 | D:5      | 4644 ||| FLEEEEING.
  4645 | D:5      | 4645 ||| FLEEEEING.
  4646 | D:5      | 4646 ||| FLEEEEING.
  4647 | D:5      | 4647 ||| FLEEEEING.
  4648 | D:5      | 4648 ||| FLEEEEING.
  4649 | D:5      | 4649 ||| FLEEEEING.
  4653 | D:5      | 4653 ||| FLEEEEING.
  4654 | D:5      | 4654 ||| FLEEEEING.
  4655 | D:5      | 4655 ||| FLEEEEING.
  4656 | D:5      | 4656 ||| FLEEEEING.
  4657 | D:5      | 4657 ||| FLEEEEING.
  4658 | D:5      | 4658 ||| FLEEEEING.
  4659 | D:5      | 4659 ||| FLEEEEING.
  4660 | D:5      | 4660 ||| FLEEEEING.
  4753 | D:5      | Reached skill level 8 in Axes
  4890 | D:5      | Found a transporter.
  4890 | D:5      | Found a transporter.
  4890 | D:5      | Noticed qw's ghost (amateur TeWr)
  4912 | D:5      | 4912 ||| Stepping ~*~*~tactically~*~*~ (hiding).
  5056 | D:5      | Reached XP level 8. HP: 44/48 MP: 12/12
  5116 | D:5      | 5116 ||| FLEEEEING.
  5117 | D:5      | 5117 ||| FLEEEEING.
  5118 | D:5      | 5118 ||| FLEEEEING.
  5119 | D:5      | 5119 ||| FLEEEEING.
  5120 | D:5      | 5120 ||| FLEEEEING.
  5121 | D:5      | 5121 ||| FLEEEEING.
  5122 | D:5      | 5122 ||| FLEEEEING.
  5123 | D:5      | 5123 ||| FLEEEEING.
  5124 | D:5      | 5124 ||| FLEEEEING.
  5125 | D:5      | 5125 ||| FLEEEEING.
  5126 | D:5      | 5126 ||| FLEEEEING.
  5127 | D:5      | 5127 ||| FLEEEEING.
  5128 | D:5      | 5128 ||| FLEEEEING.
  5129 | D:5      | 5129 ||| FLEEEEING.
  5130 | D:5      | 5130 ||| FLEEEEING.
  5143 | D:5      | 5143 ||| FLEEEEING.
  5144 | D:5      | 5144 ||| FLEEEEING.
  5145 | D:5      | 5145 ||| FLEEEEING.
  5146 | D:5      | 5146 ||| FLEEEEING.
  5147 | D:5      | 5147 ||| FLEEEEING.
  5148 | D:5      | 5148 ||| FLEEEEING.
  5150 | D:5      | 5150 ||| FLEEEEING.
  5151 | D:5      | 5151 ||| FLEEEEING.
  5152 | D:5      | 5152 ||| FLEEEEING.
  5161 | D:5      | 5161 ||| STAIRDANCE
  5287 | D:5      | Found Doidoke's Book Emporium.
  5296 | D:5      | 5296 ||| Stepping ~*~*~tactically~*~*~ (stealth).
  5300 | D:5      | 5300 ||| Stepping ~*~*~tactically~*~*~ (stealth).
  5371 | D:5      | Reached skill level 9 in Axes
  5918 | D:5      | 5918 ||| DRINKING 2 blue potions.
  5961 | D:6      | 5961 ||| PLANNING SEWER
  6092 | D:6      | 6092 ||| Stepping ~*~*~tactically~*~*~ (stealth).
  6109 | D:6      | Noticed Menkaure
  6123 | D:6      | Killed Menkaure
  6124 | D:6      | Reached skill level 10 in Axes
  6209 | D:6      | 6209 ||| Stepping ~*~*~tactically~*~*~ (stealth).
  6214 | D:6      | Reached XP level 9. HP: 33/53 MP: 13/13
  6229 | D:6      | HP: 8/53 [vampire mosquito (9)]
  6230 | D:6      | 6230 ||| DRINKING potion of heal wounds.
  6237 | D:6      | HP: 8/54 [vampire mosquito (8)]
  6243 | D:6      | HP: 7/54 [vampire mosquito (1)]
  6244 | D:6      | Slain by a vampire mosquito

Levels and vault maps discovered:
D:1:      dpeg_arrival_tiny_b, layout_basic, chequers_ecumenical_altar_island,
          minmay_misc_feat_iff, serial_bayou_ford_a
D:2:      layout_basic, basic_altar, serial_shops, shop, shop, item_on_display_a
D:3:      layout_loops_ring, chequers_temple_overflow_minitemple, serial_shops,
          nicolae_shop_behind_doors, serial_bayou_lagoon_b
D:4:      layout_rooms, minmay_temple_entry_drinking_statues, uniq_eustachio
D:5:      layout_basic, gammafunk_ghost_hive, serial_shops, shop_statue,
          amcnicky_mini_pool_small
D:6:      layout_loops_ring, gup_sewer_entry_spiral, uniq_menkaure
Temple:   nicolae_temple_bog_church

Skill      XL: |  1  2  3  4  5  6  7  8  9 |
---------------+----------------------------+-----
Axes           | 3 4 5 6 7 8 10 | 10.4
Armour         | 2 4 5 |  5.0
Fighting       | 4 5 |  5.5
Throwing       | |  1.0
Dodging        | |  2.1
Spellcasting   | |  2.0
Translocations | |  2.4

Action                   |  1- 3 |  4- 6 |  7- 9 || total
-------------------------+-------+-------+-------++-------
Melee: Hand axe          |    90 |   173 |   157 ||   420
       Kick              |    23 |    35 |    45 ||   103
       Peck              |     8 |    32 |    34 ||    74
       Punch             |       |     3 |     1 ||     4
Throw: Boomerang         |     7 |     9 |    35 ||    51
  Use: Scroll            |     4 |     7 |       ||    11
       Potion            |       |     2 |     2 ||     4
 Stab: Invisible         |       |     3 |       ||     3
Armor: Leather armour    |    16 |    37 |       ||    53
       Ring mail         |       |    42 |       ||    42
       Chain mail        |       |    10 |     9 ||    19
       Plate armour      |       |       |   109 ||   109
Dodge: Dodged            |    49 |   119 |    46 ||   214

Table legend:
 A = Non-vault XP
 B = Vault XP
 C = Vault XP percentage of total XP
 D = Non-vault monster count
 E = Vault monster count
 F = Vault count percentage of total count
                 A         B        C        D         E       F
            +---------+---------+-------+---------+---------+-------
      Total |    2363 |     365 |  13.4 |     111 |       2 |   1.8
            +---------+---------+-------+---------+---------+-------
        D:1 |      32 |       0 |   0.0 |      19 |       0 |   0.0
        D:2 |      51 |       0 |   0.0 |      14 |       0 |   0.0
        D:3 |     320 |       0 |   0.0 |      32 |       0 |   0.0
        D:4 |     223 |     196 |  46.8 |      19 |       1 |   5.0
        D:5 |     822 |       0 |   0.0 |      20 |       0 |   0.0
        D:6 |     915 |     169 |  15.6 |       7 |       1 |  12.5
            +---------+---------+-------+---------+---------+-------
